 Dungeon Crawl Stone Soup version 0.31-a0-1204-ge2c1a860ed (webtiles) character file.

Game seed: 11673893254789821092

5332 Hubris850 the Cleaver (level 10, -5/79 HPs)
             Began as a Gnoll Reaver on Dec 12, 2023.
             Was an Initiate of Gozag.
             Killed by vampiric draining
             ... invoked by a vampire
              (18 damage)
             ... on level 9 of the Dungeon.
             The game lasted 00:20:56 (9345 turns).

Hubris850 the Cleaver (Gnoll Reaver)                Turns: 9345, Time: 00:20:56

Health: -5/79      AC: 12    Str: 15    XL:     10   Next: 64%
Magic:  21/21      EV: 14    Int: 14    God:    Gozag
Gold:   75         SH:  0    Dex: 10    Spells: 15/24 levels left

rFire   + . .        a - +7 spear of the Vestibule of Hell {venom, rElec}
rCold   . . .        (no shield)
rNeg    . . .        H - +1 robe {rF+}
rPois   +            u - +0 helmet
rElec   +            F - +2 cloak {rPois}
rCorr   .            h - +1 pair of gloves
SInv    .            (no boots)
Will    +....        w - amulet of magic regeneration
Stlth   +++          D - ring of willpower
HPRegen 0.33/turn    C - +2 ring of protection
MPRegen 0.57/turn

%: no passive effects
@: gold aura
A: fangs 1, strong nose, distributed training
a: Renounce Religion, Potion Petition, Call Merchant, Bribe Branch


You were on level 9 of the Dungeon.
You worshipped Gozag.
Gozag was noncommittal.
You visited 2 branches of the dungeon, and saw 10 of its levels.

You collected 1074 gold pieces.
You spent 878 gold pieces at shops.
You paid 121 gold pieces to Gozag.

Inventory:

Hand Weapons
 a - the +7 spear of the Vestibule of Hell (weapon) {venom, rElec}
   (You found it on level 2 of the Dungeon)

   rElec:     It insulates you from electricity.
 b - the +9 shortbow of Iqenke {speed, rF+}
   (You bought it in a shop on level 8 of the Dungeon)

   rF+:       It protects you from fire.
 q - a +0 whip of electrocution
 E - a +3 quarterstaff of chaos
 G - a +2 scimitar
Missiles
 y - a curare-tipped dart
 J - 10 poisoned darts
 N - 3 boomerangs (quivered)
Armour
 h - a +1 pair of gloves (worn)
 u - a +0 helmet (worn)
 F - a +2 cloak of poison resistance (worn)
 H - a +1 robe of fire resistance (worn)
 P - a +0 leather armour
Jewellery
 l - a ring of positive energy
 w - an amulet of magic regeneration (around neck)
 C - a +2 ring of protection (right hand)
 D - a ring of willpower (left hand)
 I - an amulet of the acrobat
 M - a ring of see invisible
Talismans
 K - a maw talisman
Wands
 i - a wand of mindburst (14)
 L - a wand of roots (7)
 O - a wand of flame (13)
Scrolls
 e - 4 scrolls of identify {unknown}
 f - 2 scrolls of fear {unknown}
 k - 4 scrolls of blinking {unknown}
 m - 2 scrolls of revelation {unknown}
 o - a scroll of noise {unknown}
 p - 2 scrolls of teleportation {unknown}
 r - a scroll of poison {unknown}
 s - 3 scrolls of fog {unknown}
 v - a scroll of amnesia {unknown}
 B - a scroll of butterflies {unknown}
 Q - a scroll of vulnerability {unknown}
Potions
 c - 6 potions of curing {unknown}
 d - a potion of brilliance {unknown}
 g - a potion of heal wounds {unknown}
 j - a potion of resistance {unknown}
 n - 3 potions of haste {unknown}
 t - a potion of mutation {unknown}
 x - 2 potions of lignification {unknown}
 z - 2 potions of enlightenment {unknown}
 A - 4 potions of magic {unknown}


   Skills:
 + Level 7.3 Fighting
 + Level 5.6 Short Blades
 + Level 5.6 Long Blades
 + Level 8.7 Axes
 + Level 5.6 Maces & Flails
 + Level 5.6 Polearms
 + Level 5.6 Staves
 + Level 5.6 Ranged Weapons
 + Level 5.6 Throwing
 + Level 5.6 Armour
 + Level 7.3 Dodging
 + Level 5.6 Stealth
 + Level 5.6 Shields
 + Level 5.6 Unarmed Combat
 + Level 7.6 Spellcasting
 + Level 7.2 Conjurations
 + Level 4.6 Hexes
 + Level 4.6 Summonings
 + Level 4.6 Necromancy
 + Level 4.6 Translocations
 + Level 4.6 Transmutations
 + Level 4.6 Fire Magic
 + Level 4.6 Ice Magic
 + Level 4.6 Air Magic
 + Level 4.6 Earth Magic
 + Level 4.6 Poison Magic
 + Level 6.1 Invocations
 + Level 5.6 Evocations
 + Level 5.1 Shapeshifting


You had 15 spell levels left.
You knew the following spells:

 Your Spells              Type           Power      Damage    Failure   Level
a - Kiss of Death         Conj/Necr      84%        2d11      1%          1
b - Momentum Strike       Conj/Tloc      42%        3d9       1%          2
c - Poisonous Vapours     Pois/Air       36%        N/A       3%          2
d - Olgreb's Toxic Radia  Pois           18%        N/A       21%         4

Your spell library contained the following spells:

 Spells                   Type           Power      Damage    Failure   Level
 Slow                     Hex            72%        N/A       1%          1
 Sting                    Tmut/Pois      72%        1d6       1%          1
 Sublimation of Blood     Necr           18%        N/A       3%          2
 Wereblood                Tmut           18%        N/A       3%          2
 Hailstorm                Conj/Ice       21%        3d7       3%          3
 Mephitic Cloud           Conj/Pois/Air  20%        N/A       4%          3
 Confusing Touch          Hex            18%        N/A       6%          3
 Sigil of Binding         Hex            18%        N/A       6%          3
 Vampiric Draining        Necr           18%        2d7       6%          3
 Anguish                  Hex/Necr       9%         N/A       21%         4
 Cause Fear               Hex            9%         N/A       21%         4
 Freezing Cloud           Conj/Ice/Air   10%        6-21      36%         5
 Enfeeble                 Hex            9%         N/A       100%        7
 Summon Hydra             Summ           9%         N/A       100%        7


Dungeon Overview and Level Annotations

Branches:
Dungeon (9/15)             Temple (1/1) D:7
   Lair: D:8-11         Orc: D:9-12

Altars:
Ashenzari
Cheibriados
Dithmenos
Elyvilon
Fedhas
Gozag
Hepliaklqana
Kikubaaqudgha
Makhleb
Nemelex Xobeh
Okawaru
Qazlal
Ru
Sif Muna
Trog
Uskayaw
Vehumet
Wu Jian
Xom
Yredelemnul
Zin
The Shining One

Shops:
D:3 !   D:5 =   D:8 (


Innate Abilities, Weirdness & Mutations

You have very sharp teeth.
Your uncanny sense of smell can sniff out nearby items.
Your experience applies equally to all skills.


Message History

The acid dragon is severely wounded.
The acid dragon closely misses you. x2
You hit the acid dragon.
The acid dragon is poisoned.
You punch the acid dragon, but do no damage.
Your bite misses the acid dragon.
The acid dragon is severely wounded.
The acid dragon spits acid at you. The splash of acid hits you!!
You are too injured to fight recklessly!
You are too injured to fight recklessly!
You are too injured to fight recklessly!
Aiming: Fastroot
Press: ? - help, Shift-Dir - straight line, f/p - acid dragon
Aim: an acid dragon (almost dead, very poisoned, catching its breath)
Okay, then.
Unknown command.
Unknown command.
Aiming: Mindburst
Press: ? - help, Shift-Dir - straight line, f/p - acid dragon
Aim: an acid dragon (almost dead, very poisoned, catching its breath, chance to affect: 83%)
The acid dragon's mind is blasted!!
You blow up the acid dragon!
Aiming: Mindburst
Press: ? - help, Shift-Dir - straight line, f - troll
Aim: a troll (chance to affect: 83%) Something's mind is blasted!!
Something hits you but does no damage. Something completely misses you.
You hit something but do no damage. You punch something. You bite something.
Something barely misses you. x2
You hit something. You punch something. Your bite misses something.
You closely miss something. You punch something. Something hits you.
* * * LOW HITPOINT WARNING * * *
Something bites you.
* * * LOW HITPOINT WARNING * * *
Something draws strength from your injuries!
You hit something but do no damage. Something draws life force from you!
* * * LOW HITPOINT WARNING * * *
You puncture something! Something draws life force from you!!
You die...
Your body crumbles into a pile of gold.

#.... ##....
##.....
############.#....
#............#....
#.##########......
#.# #...... #.#
##....# #@# ∆
#....# #$# ###..#
#T# ##.. #.# ###
#.# ∆ #.. #.# ##
### #.###...# ∆ #
#..'..# # #..'D##
∆ ∆ ∆#


You could see a troll.

Vanquished Creatures
  A two-headed ogre (D:7)
  Pikel (D:7)
  A troll (D:9)
  A hornet (D:8)
  Prince Ribbit (D:7)
  A shadow (D:9)
  A steam dragon (D:9)
  2 water moccasins
  2 acid dragons (D:9)
  An ice beast (D:4)
  2 orc warriors
  2 black bears
  2 sky beasts
  2 ogres (D:6)
  A centaur (D:8)
  4 lemures (D:7)
  A phantom (D:5)
  2 kobold brigands
  A bullfrog (D:8)
  2 gnoll sergeants
  2 scorpions
  7 wights
  4 killer bees (D:7)
  3 howler monkeys (D:7)
  4 hounds
  4 orc priests
  3 jellies
  Crazy Yiuf (D:5)
  Jessica (D:2)
  2 sleepcaps (D:5)
  2 iguanas
  5 orc wizards
  10 gnolls
  9 adders
  2 ufetubi (D:6)
  2 dart slugs
  23 orcs
  4 ball pythons
  10 endoplasms
  8 giant cockroaches
  9 goblins
  8 hobgoblins
  5 jackals (D:1)
  2 quokkas
  5 bats
  A frilled lizard (D:3)
  21 kobolds
  2 rats
190 creatures vanquished.

Notes
Turn   | Place    | Note
-------+----------+-------------------------------------------
     0 | D:1      | Hubris850 the Gnoll Reaver began the quest for the Orb.
     0 | D:1      | Reached XP level 1. HP: 20/20 MP: 6/6
   130 | D:1      | Reached XP level 2. HP: 25/26 MP: 7/7
   205 | D:1      | Learned a level 2 spell: Momentum Strike
   433 | D:1      | Reached XP level 3. HP: 31/31 MP: 6/9
   482 | D:1      | Reached skill level 5 in Spellcasting
   807 | D:1      | Reached skill level 1 in Invocations
   979 | D:2      | Noticed Jessica
   991 | D:2      | Killed Jessica
   992 | D:2      | Reached skill level 1 in Short Blades
   992 | D:2      | Reached skill level 1 in Long Blades
   992 | D:2      | Reached skill level 1 in Maces & Flails
   992 | D:2      | Reached skill level 1 in Polearms
   992 | D:2      | Reached skill level 1 in Staves
   992 | D:2      | Reached skill level 1 in Ranged Weapons
   992 | D:2      | Reached skill level 1 in Throwing
   992 | D:2      | Reached skill level 1 in Armour
   992 | D:2      | Reached skill level 1 in Stealth
   992 | D:2      | Reached skill level 1 in Shields
   992 | D:2      | Reached skill level 1 in Unarmed Combat
   992 | D:2      | Reached skill level 1 in Evocations
   992 | D:2      | Reached skill level 1 in Shapeshifting
   992 | D:2      | Reached XP level 4. HP: 25/38 MP: 7/11
  1255 | D:2      | Identified the +7 spear of the Vestibule of Hell {venom,
                  | rElec}
  1687 | D:3      | Reached skill level 1 in Hexes
  1687 | D:3      | Reached skill level 1 in Summonings
  1687 | D:3      | Reached skill level 1 in Necromancy
  1687 | D:3      | Reached skill level 1 in Translocations
  1687 | D:3      | Reached skill level 1 in Transmutations
  1687 | D:3      | Reached skill level 1 in Fire Magic
  1687 | D:3      | Reached skill level 1 in Ice Magic
  1687 | D:3      | Reached skill level 1 in Air Magic
  1687 | D:3      | Reached skill level 1 in Earth Magic
  1687 | D:3      | Reached skill level 1 in Poison Magic
  1760 | D:3      | Found Tych's Distillery.
  1990 | D:3      | You fall into a shaft and drop 3 floors!
  2213 | D:6      | Reached XP level 5. HP: 38/43 MP: 12/12
  2255 | D:5      | Entered Level 5 of the Dungeon
  2267 | D:5      | Noticed a black bear
  2295 | D:4      | Noticed an ice beast
  2303 | D:4      | Killed an ice beast
  2304 | D:4      | Reached XP level 6. HP: 50/50 MP: 10/13
  2324 | D:4      | Found a hazy altar of Hepliaklqana.
  2362 | D:4      | Noticed a sky beast
  2373 | D:4      | Killed a sky beast
  2374 | D:4      | Reached skill level 5 in Fighting
  2374 | D:4      | Reached skill level 5 in Dodging
  2574 | D:3      | Found a snail-covered altar of Cheibriados.
  3112 | D:4      | Reached XP level 7. HP: 46/56 MP: 15/15
  3247 | D:4      | Found a shimmering blue altar of Sif Muna.
  3251 | D:4      | Reached skill level 7 in Axes
  3503 | D:5      | Learned a level 2 spell: Poisonous Vapours
  3689 | D:5      | Found an ancient bone altar of Kikubaaqudgha.
  3820 | D:5      | Found a shadowy altar of Dithmenos.
  3905 | D:5      | Found Pizaneol's One-of-a-Kind Rings.
  3917 | D:5      | Reached XP level 8. HP: 52/63 MP: 16/16
  3959 | D:5      | Bought a +2 ring of protection for 130 gold pieces
  4078 | D:5      | Found a runed translucent door.
  4079 | D:5      | Noticed Crazy Yiuf
  4084 | D:5      | Killed Crazy Yiuf
  4282 | D:6      | Found a burning altar of Makhleb.
  5132 | D:7      | Found a staircase to the Ecumenical Temple.
  5141 | D:7      | Noticed Prince Ribbit
  5147 | Temple   | Entered the Ecumenical Temple
  5176 | Temple   | Became a worshipper of Gozag Ym Sagoz the Greedy
  5241 | D:7      | Killed Prince Ribbit
  5242 | D:7      | Reached XP level 9. HP: 60/69 MP: 18/18
  5626 | D:7      | Found a hide-covered altar of Uskayaw.
  5754 | D:7      | Noticed Pikel
  5763 | D:7      | Killed Pikel
  5764 | D:7      | Reached skill level 8 in Axes
  5875 | D:7      | Learned a level 4 spell: Olgreb's Toxic Radiance
  5932 | D:7      | Reached skill level 5 in Invocations
  6158 | D:7      | Noticed a two-headed ogre
  6168 | D:7      | Killed a two-headed ogre
  6396 | D:7      | Reached XP level 10. HP: 77/77 MP: 17/20
  6512 | D:7      | Found a blossoming altar of Fedhas.
  6651 | D:8      | Reached skill level 5 in Short Blades
  6651 | D:8      | Reached skill level 5 in Long Blades
  6651 | D:8      | Reached skill level 5 in Maces & Flails
  6651 | D:8      | Reached skill level 5 in Polearms
  6651 | D:8      | Reached skill level 5 in Staves
  6651 | D:8      | Reached skill level 5 in Ranged Weapons
  6651 | D:8      | Reached skill level 5 in Throwing
  6651 | D:8      | Reached skill level 5 in Armour
  6651 | D:8      | Reached skill level 5 in Stealth
  6651 | D:8      | Reached skill level 5 in Shields
  6651 | D:8      | Reached skill level 5 in Unarmed Combat
  6651 | D:8      | Reached skill level 5 in Evocations
  7451 | D:8      | Found a white marble altar of Elyvilon.
  7617 | D:8      | Found an ornate altar of the Wu Jian Council.
  7802 | D:8      | Found Fowoys's Weapon Shop.
  8421 | D:9      | Found a glowing silver altar of Zin.
  8446 | D:9      | Reached skill level 5 in Shapeshifting
  9000 | D:8      | Bought the +9 shortbow of Iqenke {speed, rF+} for 748 gold
                  | pieces
  9345 | D:9      | Killed from afar by a vampire

Illustrated notes

Levels and vault maps discovered:
D:1:      roderic_octagonal_star, layout_loops_ring
D:2:      layout_loops_ring, uniq_jessica
D:3:      layout_basic, mainiacjoe_overflow_24_doors, serial_shops,
          nicolae_square_shop
D:4:      layout_loops_cross, lemuel_doored_altar, kennysheep_orc_sif_temple
D:5:      layout_rooms, amcnicky_altar_gilded, lemuel_tele_altar,
          nicolae_shop_unique_rings, uniq_crazy_yiuf_cottage
D:6:      layout_loops_cross, makhleb_heckhound_becter
D:7:      layout_cave_pods, lemuel_crystal_altar, mainiacjoe_overflow_alcove_4,
          minmay_temple_entry_waves, uniq_pikel, uniq_prince_ribbit1
D:8:      layout_layer_cave, nicolae_wu_jian_glorious_leap, elyvilon_altar_4,
          serial_shops, shop
D:9:      layout_loops_ring, mainiacjoe_overflow_tiny_flanked,
          kennysheep_kite_vault
Temple:   grunt_temple_mini_profane

Skill      XL: |  1  2  3  4  5  6  7  8  9 10 |
---------------+-------------------------------+-----
Spellcasting   | 5 6 7 |  7.6
Invocations    | 1 2 3 4 5 6 |  6.1
Short Blades   | 1 2 3 4 5 |  5.6
Long Blades    | 1 2 3 4 5 |  5.6
Maces & Flails | 1 2 3 4 5 |  5.6
Polearms       | 1 2 3 4 5 |  5.6
Staves         | 1 2 3 4 5 |  5.6
Ranged Weapons | 1 2 3 4 5 |  5.6
Throwing       | 1 2 3 4 5 |  5.6
Armour         | 1 2 3 4 5 |  5.6
Stealth        | 1 2 3 4 5 |  5.6
Shields        | 1 2 3 4 5 |  5.6
Unarmed Combat | 1 2 3 4 5 |  5.6
Evocations     | 1 2 3 4 5 |  5.6
Shapeshifting  | 1 2 3 4 5 |  5.1
Hexes          | 1 2 3 4 |  4.6
Summonings     | 1 2 3 4 |  4.6
Necromancy     | 1 2 3 4 |  4.6
Translocations | 1 2 3 4 |  4.6
Transmutations | 1 2 3 4 |  4.6
Fire Magic     | 1 2 3 4 |  4.6
Ice Magic      | 1 2 3 4 |  4.6
Air Magic      | 1 2 3 4 |  4.6
Earth Magic    | 1 2 3 4 |  4.6
Poison Magic   | 1 2 3 4 |  4.6
Fighting       | 5 6 7 |  7.3
Dodging        | 5 6 7 |  7.3
Axes           | 7 8 |  8.7
Conjurations   | 6 7 |  7.2

Action                     |  1- 3 |  4- 6 |  7- 9 | 10-12 || total
---------------------------+-------+-------+-------+-------++-------
  Melee: Hand axe          |   128 |    19 |       |       ||   147
         Bite              |    13 |     6 |    27 |    22 ||    68
         Punch             |     4 |       |     2 |     5 ||    11
         Spear             |       |    76 |   281 |   205 ||   562
   Fire: Shortbow          |       |       |       |     6 ||     6
  Throw: Dart              |       |       |     1 |       ||     1
         Boomerang         |       |       |       |     3 ||     3
   Cast: Momentum Strike   |     4 |     1 |     9 |     1 ||    15
         Poisonous Vapours |       |       |     9 |       ||     9
  Evoke: Wand              |       |       |       |     2 ||     2
   Stab: Sleeping          |       |     2 |     7 |     6 ||    15
 Armour: Leather armour    |    68 |    33 |    53 |       ||   154
         Robe              |       |       |   112 |   129 ||   241
  Dodge: Dodged            |    80 |    26 |   163 |   132 ||   401

Table legend: (Time is in decaauts)
 A = Elapsed time spent in this place.
 B = Non-inter-level travel time spent in this place.
 C = Inter-level travel time spent in this place.
 D = Time resting spent in this place.
 E = Time spent auto-exploring this place.
 F = Levels seen in this place.
 G = Mean time per level.
                   A        B        C        D        E       F      G
               +--------+--------+--------+--------+--------+-----+--------+
         Total |   9288 |   8944 |    344 |   1152 |   6096 |  10 |  928.8 |
       Dungeon |   9234 |   8943 |    291 |   1152 |   6096 |   9 | 1026.0 |
        Temple |     54 |      1 |     53 |      0 |      0 |   1 |   54.0 |
               +--------+--------+--------+--------+--------+-----+--------+

Top non-repeatable levels by time:
     D:7: 1543 daAuts
     D:8: 1470 daAuts
     D:9: 1199 daAuts
     D:6: 1150 daAuts
     D:1: 976 daAuts
     D:4: 949 daAuts
     D:2: 691 daAuts
     D:5: 688 daAuts
     D:3: 565 daAuts
  Temple: 54 daAuts
